 Dungeon Crawl Stone Soup version 0.25-a0-510-ge065f6de7d (webtiles) character file.

Game seed: 6679788673301651899, levelgen mode: classic

25 EnegeticOcto the Covered (level 2, 23/27 HPs)
             Began as a Deep Dwarf Fighter on Feb 15, 2020.
             Quit the game on level 1 of the Dungeon.
             The game lasted 00:00:20 (320 turns).

EnegeticOcto the Covered (Deep Dwarf Fighter)        Turns: 320, Time: 00:00:21

Health: 23/27      AC:  6    Str: 19    XL:     2   Next: 82%
Magic:  2/2        EV:  7    Int:  8    God:
Gold:   63         SH:  9    Dex: 12    Spells: 1/1 levels left

rFire    . . .     SeeInvis .   a - +0 war axe
rCold    . . .     Gourm    .   c - +0 kite shield
rNeg     . . .     Faith    .   b - +0 scale mail
rPois    .         Spirit   .   (no helmet)
rElec    .         Reflect  .   (no cloak)
rCorr    .         Harm     .   (no gloves)
MR       .....                  (no boots)
Stlth    ..........             (no amulet)
HPRegen  0.00/turn              (no ring)
MPRegen  0.08/turn              (no ring)

@: non-regenerating
A: damage resistance, heal wounds, sense surroundings 1, no regeneration
a: Heal Wounds


You were on level 1 of the Dungeon.
You were not hungry.

You visited 1 branch of the dungeon, and saw 1 of its levels.

You collected 63 gold pieces.

Inventory:

Hand Weapons
 a - a +0 war axe (weapon)
Armour
 b - a +0 scale mail (worn)
 c - a +0 kite shield (worn)
Jewellery
 g - an uncursed amulet of guardian spirit {unknown}
Scrolls
 k - a scroll of immolation {unknown}
 l - a scroll of enchant weapon {unknown}
 m - a scroll of blinking {unknown}
 o - a scroll of identify {unknown}
Potions
 d - a potion of might {@q3}
 h - a potion of curing {unknown}
 i - a potion of flight {unknown}
 j - a potion of lignification {unknown}
 n - a potion of heal wounds {unknown}
Comestibles
 e - 3 rations
 f - 5 chunks of flesh


   Skills:
 + Level 2.8 Fighting
 * Level 2.8 Axes
 + Level 3.5 Armour
 + Level 0.9 Dodging
 + Level 3.5 Shields


You had one spell level left.
You didn't know any spells.
Your spell library was empty.

Dungeon Overview and Level Annotations

Branches:
Dungeon (1/15)

Altars:


Innate Abilities, Weirdness & Mutations

You are resistant to damage.
You can heal yourself by infusing magical energy.
You passively map a small area around you.
You do not regenerate.


Message History

You kill the bat!
No target in view!
You butcher the bat corpse.
f - 6 chunks of flesh (gained 1)
You see here a bat skeleton. x2
k - a scroll labeled IME KA QAUVVI You butcher the leopard gecko corpse.
f - 8 chunks of flesh (gained 2)
You see here a leopard gecko skeleton. x2
l - a scroll labeled JEONUMOHIG No target in view!
No target in view!
No target in view!
No target in view!
No target in view!
No target in view!
m - a scroll labeled WYSIFF BIENANT You now have 63 gold pieces (gained 16).
A giant cockroach comes into view.
A giant cockroach is nearby!
The giant cockroach barely misses you.
You slash the giant cockroach!
You kill the giant cockroach!
No target in view!
No target in view!
No target in view!
No target in view!
No target in view!
No target in view!
No target in view!
e - 3 rations (gained 1)
n - a purple potion Some of the chunks of flesh in your inventory have rotted away.
Found an escape hatch in the floor.
A rat comes into view.
The rat moves out of view.
No target in view!
No target in view!
No target in view!
No target in view!
No target in view!
No target in view!
No target in view!
No target in view!
No target in view!
No target in view!
The rat is too close now for your liking.
A rat is nearby!
A rat is nearby!
The rat bites you.
You hit the rat.
You kill the rat!
Some of the chunks of flesh in your inventory have rotted away.
No target in view!
No target in view!
No target in view!
No target in view!
No target in view!
No target in view!
No target in view!
o - a scroll labeled TADYXKI FIRAQ
There is an escape hatch in the floor here.
You see here a frilled lizard skeleton.
A kobold comes into view. It is wielding a +0 dagger.
The kobold shouts!
The kobold throws a stone.
You block the stone.
A kobold is nearby!
The kobold throws a stone.
The stone hits you but does no damage.
You see here a stone.
The kobold hits you but does no damage.
You hit the kobold.
You kill the kobold!
No target in view!
No target in view!
No target in view!
No target in view!
No target in view!
No target in view!
No target in view!
No target in view!
Things that are here:
a +0 dagger; a kobold corpse
Things that are here:
a +0 dagger; a kobold corpse Some of the chunks of flesh in your inventory have rotted away.
A rat comes into view.
The rat bites you.
You hit the rat.
You kill the rat!
No target in view!
No target in view!
No target in view!
No target in view!
No target in view!
No target in view!
No target in view!
No target in view!
No target in view!
No target in view!
Are you sure you want to abandon this character and quit the game? (Confirm with "yes".)

#.###.(##.### #.#
##....##. , #.##
#..###..
#########..###..##..# ,
.........#.....##....
,,,########.............
, ,* ###..........)
###########........... ,
#...†@............####
#.....#####.......#
#.....###.........#
#......#...####..÷####
#.....................
#....................#
#.#####.#.#.....÷.....
.. .....#...........
..#####...........


There were no monsters in sight!

Vanquished Creatures
  An ooze (D:1)
  2 leopard geckos (D:1)
  A giant cockroach (D:1)
  2 goblins (D:1)
  A hobgoblin (D:1)
  6 bats (D:1)
  2 frilled lizards (D:1)
  2 kobolds (D:1)
  3 rats (D:1)
20 creatures vanquished.

Notes
Turn   | Place    | Note
-------+----------+-------------------------------------------
     0 | D:1      | EnegeticOcto the Deep Dwarf Fighter began the quest for the
                  | Orb.
     0 | D:1      | Reached XP level 1. HP: 20/20 MP: 1/1
    25 | D:1      | Reached XP level 2. HP: 27/27 MP: 2/2
   320 | D:1      | Quit the game

Levels and vault maps discovered:
D:1:      dpeg_arrival_radiant, layout_rooms

Action                   || total
-------------------------++-------
Melee: War axe           ||    46
Armor: Scale mail        ||    35
Dodge: Dodged            ||    26
Block: Kite shield       ||    38

Table legend:
 A = Non-vault XP
 B = Vault XP
 C = Vault XP percentage of total XP
 D = Non-vault monster count
 E = Vault monster count
 F = Vault count percentage of total count
                 A         B        C        D         E       F
            +---------+---------+-------+---------+---------+-------
      Total |      36 |       0 |   0.0 |      20 |       0 |   0.0
            +---------+---------+-------+---------+---------+-------
        D:1 |      36 |       0 |   0.0 |      20 |       0 |   0.0
            +---------+---------+-------+---------+---------+-------
